 Dungeon Crawl Stone Soup version 0.23.1-37-gaa34b87b72 (webtiles) character file.

Game seed: 15827547282549084613

79 PentaManta the Vandal (level 4, 0/23 HPs)
             Began as a Spriggan Hunter on Mar 25, 2019.
             Killed by nerve-wracking pain
             ... invoked by Grinder
              (15 damage)
             ... on level 3 of the Dungeon.
             The game lasted 00:01:30 (1135 turns).

PentaManta the Vandal (Spriggan Hunter)             Turns: 1135, Time: 00:01:31

Health: 0/23       AC:  2    Str:  8    XL:     4   Next: 17%
Magic:  5/5        EV: 20    Int: 12    God:
Gold:   117        SH:  0    Dex: 17    Spells: 3/3 levels left

rFire    . . .     SeeInvis +   a - +1 hunting sling
rCold    . . .     Gourm    .   (shield restricted)
rNeg     . . .     Faith    .   c - +0 robe
rPois    .         Spirit   .   (helmet restricted)
rElec    .         Reflect  .   (no cloak)
rCorr    .         Harm     +   (gloves unavailable)
MR       .....                  (boots unavailable)
Stlth    ++........             h - amulet of harm
HPRegen  0.07/turn              (no ring)
MPRegen  0.09/turn              (no ring)

@: very quick
A: very small, unfitting armour, see invisible, herbivore, speed 3, slow
metabolism 2
a: no special abilities


You were on level 3 of the Dungeon.
You were not hungry.

You visited 1 branch of the dungeon, and saw 3 of its levels.

You collected 117 gold pieces.

Inventory:

Hand Weapons
 a - a +1 hunting sling (weapon)
 b - a +0 short sword
Missiles
 d - 31 sling bullets (quivered)
 k - 65 stones
Armour
 c - a +0 robe (worn)
Jewellery
 h - an amulet of harm (around neck)
 n - a cursed amulet of inaccuracy {unknown}
 t - an uncursed ring of positive energy {unknown}
Scrolls
 e - 6 scrolls of identify {unknown}
 g - a scroll of blinking {unknown}
 j - 2 scrolls of remove curse {unknown}
 l - 4 scrolls of teleportation {unknown}
 m - a scroll of amnesia {unknown}
 q - a scroll of enchant armour {unknown}
 r - 2 scrolls of fear {unknown}
Potions
 i - 3 potions of ambrosia {unknown}
 o - 2 potions of curing {unknown}
 p - a potion of berserk rage {unknown}
 s - 2 potions of flight {unknown}
 u - a potion of lignification {unknown}
Comestibles
 f - 7 rations


   Skills:
 + Level 2.4 Fighting
 + Level 5.6 Slings
 + Level 4.5 Dodging
 - Level 1.5 Stealth


You had 3 spell levels left.
You didn't know any spells.
Your spell library was empty.

Dungeon Overview and Level Annotations

Branches:
Dungeon (3/15)

Altars:

Annotations:
D:3 Grinder


Innate Abilities, Weirdness & Mutations

You are very small and have problems with some larger weapons.
You are too small for most types of armour.
You have supernaturally acute eyesight. (SInv)
You are a herbivore.
You cover ground extremely quickly.
You need to consume almost no food.


Message History

Press: ? - help, Shift-Dir - straight line, f/p - Grinder
Aim: Grinder (lightly wounded)
You shoot a sling bullet.
The sling bullet hits Grinder but does no damage.
Grinder is lightly wounded.
Grinder drinks a potion.
Grinder suddenly seems more resistant.
Firing (i - inventory. (/) - cycle)
d - 33 sling bullets (quivered)
Press: ? - help, Shift-Dir - straight line, f/p - Grinder
Aim: Grinder (lightly wounded, unusually resistant)
You shoot a sling bullet. The sling bullet hits Grinder!
Grinder is moderately wounded.
Firing (i - inventory. (/) - cycle)
d - 32 sling bullets (quivered)
Press: ? - help, Shift-Dir - straight line, f/p - Grinder
Aim: Grinder (moderately wounded, unusually resistant)
You shoot a sling bullet. The sling bullet hits Grinder.
Grinder is moderately wounded.
Grinder gestures at you. Pain shoots through your body!
Ouch! That really hurt!
You die...

#.##.##.#
............
#.##†##.#
#######.#...
#.......#
#...###
####.####
#.#.# #.#
#†..# #.#
##.## #.#
#####.####
#.###########
#.........
#......@....#
#.###.###.
#####.##.##.#
#)##.. #.# 5#
###.##.. #.#
.( #.......
#.# ###
#.#..... #..
#.#..... ###
# ##....
#.#.. ......


You could see Grinder.

Vanquished Creatures
  An orc wizard (D:3)
  An adder (D:3)
  An ooze (D:3)
  2 dart slugs
  A leopard gecko (D:2)
  3 orcs (D:3)
  4 bats
  3 giant cockroaches
  3 goblins
  4 hobgoblins
  3 kobolds
  A ball python (D:3)
  A frilled lizard (D:1)
  4 rats
32 creatures vanquished.

Notes
Turn   | Place    | Note
-------+----------+-------------------------------------------
     0 | D:1      | PentaManta the Spriggan Hunter began the quest for the Orb.
     0 | D:1      | Reached XP level 1. HP: 10/10 MP: 2/2
   121 | D:1      | Reached skill level 5 in Slings
   122 | D:1      | Reached XP level 2. HP: 15/15 MP: 3/3
   982 | D:3      | Reached XP level 3. HP: 18/18 MP: 4/4
  1083 | D:3      | Reached XP level 4. HP: 13/23 MP: 5/5
  1131 | D:3      | Noticed Grinder
  1135 | D:3      | Killed from afar by Grinder

Skill      XL: |  1  2  3 |
---------------+----------+-----
Slings         | 5 |  5.6
Fighting       | 2 |  2.4
Dodging        | 4 |  4.5
Stealth        | |  1.5

Action                   |  1- 3 |  4- 6 || total
-------------------------+-------+-------++-------
 Fire: Hunting sling     |    80 |    12 ||    92
Armor: Robe              |     2 |       ||     2
Dodge: Dodged            |     8 |       ||     8
